 Dungeon Crawl Stone Soup version 0.31-a0-177-g4aa6249778 (webtiles) character file.

Game seed: 18223496726738402742

26180 TittyCrusher the Grappler (level 13, -9/108 HPs)
             Began as an Octopode Fighter on June 18, 2023.
             Was a High Priest of Cheibriados.
             Mangled by an elephant (15 damage)
             ... on level 5 of the Lair of Beasts.
             The game lasted 00:25:13 (13866 turns).

TittyCrusher the Grappler (Octopode Fighter)       Turns: 13866, Time: 00:25:13

Health: -9/108     AC:  8    Str: 33    XL:     13   Next: 24%
Magic:  11/18      EV: 17    Int: 20    God:    Cheibriados [*****.]
Gold:   1112       SH:  5    Dex: 23    Spells: 5/12 levels left

rFire   . .          .
                       - Unarmed
rCold   + + +        a - melded +1 buckler
rNeg    + . .        y - melded +2 hat
rPois   +            l - amulet of reflection
rElec   .            i - ring of protection from fire
rCorr   +            o - ring of poison resistance
SInv    .            u - ring of positive energy
Will    .....        G - ring of protection from cold
Stlth   ++           k - ring of resist corrosion
HPRegen 0.38/turn    (no ring)
MPRegen 0.16/turn    (no ring)
                     (no ring)

%: reflection
@: ice-form, freezing walls, very slow
A: freezing attack, boosted hp, almost no armour, amphibious, 8 rings, large,
(camouflage 1), (gelatinous body 1), (nimble swimmer 1), (tentacles),
(iridescent scales 2), dopey 1, MP-powered wands
a: End Transformation, Renounce Religion, Bend Time, Temporal Distortion,
Slouch, Step From Time


You were on level 5 of the Lair of Beasts.
You worshipped Cheibriados.
Cheibriados was extremely pleased with you.
You were a creature of crystalline ice.
You visited 3 branches of the dungeon, and saw 14 of its levels.
You also visited: Sewer and Ossuary.

You collected 1272 gold pieces.
You spent 160 gold pieces at shops.

Inventory:

Hand Weapons
 n - a +2 dagger of venom
 s - a +1 spear
Missiles
 e - 31 poisoned darts
 p - 4 curare-tipped darts
 A - 70 stones (quivered)
 C - 4 throwing nets
Armour
 a - a +1 buckler (melded)
 y - a +2 hat (melded)
Magical Staves
 q - a staff of air
Jewellery
 h - an amulet of guardian spirit
 i - a ring of protection from fire (left front paw)
 k - a ring of resist corrosion (on tentacle)
 l - an amulet of reflection (around neck)
 o - a ring of poison resistance (right front paw)
 t - an amulet of magic regeneration
 u - a ring of positive energy (on tentacle)
 G - a ring of protection from cold (on tentacle)
 R - a ring of protection from fire
Wands
 v - a wand of flame (14)
 w - a wand of digging (12)
 z - a wand of iceblast (11)
 E - a wand of polymorph (9)
 J - a wand of charming (17)
Scrolls
 d - a scroll of amnesia
 m - 3 scrolls of torment
 r - a scroll of poison
 B - a scroll of enchant weapon
 D - 2 scrolls of vulnerability
 F - 4 scrolls of teleportation
 I - a scroll of butterflies
 L - 2 scrolls of enchant armour
 M - a scroll of immolation
 N - 2 scrolls of revelation
 P - a scroll of silence
 Q - 2 scrolls of fear
Potions
 b - a potion of resistance
 c - 2 potions of curing
 f - a potion of cancellation
 g - a potion of mutation
 j - 4 potions of brilliance
 x - 5 potions of enlightenment
 H - a potion of attraction
 K - a potion of ambrosia


   Skills:
 + Level 8.9 Fighting
 - Level 9.5 Dodging
 - Level 3.0 Shields
 - Level 13.3 Unarmed Combat
 - Level 8.0 Transmutations
 - Level 8.0 Ice Magic
 - Level 7.2 Invocations


You had 5 spell levels left.
You knew the following spells:

 Your Spells              Type           Power      Damage    Failure   Level
a - Ice Form              Ice/Tmut       32%        N/A       7%          4
b - Frozen Ramparts       Ice            64%        1d10      2%          3

Your spell library contained the following spells:

 Spells                   Type           Power      Damage    Failure   Level
 Hailstorm                Conj/Ice       16%        3d6       11%         3
 Kiss of Death            Conj/Necr      0%         2d5       19%         1
 Static Discharge         Conj/Air       0%         2-2/arc   28%         2
 Summon Ice Beast         Ice/Summ       16%        N/A       36%         4
 Confusing Touch          Hex            0%         N/A       50%         3
 Tukima's Dance           Hex            0%         N/A       50%         3
 Vhi's Electric Charge    Tloc/Air       0%         N/A       50%         3
 Alistair's Intoxication  Tmut/Pois      10%        N/A       71%         5
 Yara's Violent Unravell  Hex/Tmut       8%         3d5       71%         5
 Airstrike                Air            0%         2d(0-16)  88%         4
 Dispel Undead            Necr           0%         3d6       88%         4
 Passage of Golubria      Tloc           0%         N/A       88%         4
 Summon Lightning Spire   Summ/Air       0%         N/A       88%         4
 Arcjolt                  Conj/Air       0%         1d10      99%         5
 Borgnjor's Vile Clutch   Necr/Erth      0%         N/A       99%         5
 Eringya's Noxious Bog    Tmut/Pois      8%         N/A       99%         6
 Simulacrum               Ice/Necr       8%         N/A       99%         6
 Plasma Beam              Fire/Air       0%         2x1d10    100%        6


Dungeon Overview and Level Annotations

Branches:
Dungeon (8/15)             Temple (1/1) D:6            Lair (5/5) D:8
  Swamp (0/4) Lair:2        Snake (0/4) Lair:2        Slime (0/5) Lair:4
  Sewer (visited)         Ossuary (visited)

Altars:
Ashenzari
Cheibriados
Dithmenos
Elyvilon
Gozag
Hepliaklqana
Kikubaaqudgha
Makhleb
Nemelex Xobeh
Okawaru
Ru
Sif Muna
Trog
Uskayaw
Vehumet
Wu Jian
Xom
Yredelemnul
Zin
The Shining One

Shops:
D:1 [   D:5 [


Innate Abilities, Weirdness & Mutations

You are a creature of crystalline ice.
You have a powerful freezing melee attack.
Your maximum health is increased.
Your armour is entirely melded.
You are incapable of wielding weapons or throwing items.
You cannot wear most types of armour.
You are amphibious.
You can wear up to eight rings at the same time.
((Your skin changes colour to match your surroundings (Stealth+).))
((Your rubbery body absorbs attacks. (AC +1, EV +1)))
((You are camouflaged when in or above water. (Stealth+)))
((You have tentacles for arms and can constrict up to eight enemies at once.))
((You are mostly covered in iridescent scales. (AC +4)))
You are dopey. (Int -2)
You expend magic power (3 MP) to strengthen your wands.


Message History

Unknown command.
Unknown command.
You hit the elephant but do no damage.
The elephant is almost dead.
Unknown command.
Unknown command.
Unknown command.
You punch the elephant! You freeze the elephant.
You kill the elephant!
Cheibriados appreciates the change of pace.
The frozen ramparts melt away.
The elephant tramples you!
You hold your ground!
The elephant trunk-slaps you but does no damage.
The yak gores you!
* * * LOW HITPOINT WARNING * * *
Unknown command.
Casting: Frozen Ramparts (mildly dangerous; 2% risk of failure)
Confirm with . or Enter, or press ? or * to list all spells.
Casting: Frozen Ramparts (mildly dangerous; 2% risk of failure)
Press: ? - help, Dir - look around, f - activate The walls around you are covered in ice.
The wall freezes the elephant but does no damage. x2
The elephant tramples you!
* * * LOW HITPOINT WARNING * * *
You hold your ground!
The elephant trunk-slaps you but does no damage.
The wall freezes the yak.
The yak gores you.
* * * LOW HITPOINT WARNING * * *
The wall freezes the yak.
The yak gores you but does no damage.
The wall freezes the yak but does no damage.
Unknown command.
Unknown command.
You fail to use your ability.
The wall freezes the elephant but does no damage.
The elephant tramples you but does no damage.
The elephant trunk-slaps you but does no damage.
An elephant comes into view.
The wall freezes the yak.
The yak barely misses you.
The wall freezes the elephant but does no damage.
The elephant tramples you!
You die...

..Y.)Y........)
...YYY.....^...
..#.Y...........
................
.......Y........
................
##Y........ ..
#YY........ ...
#YYY.......
....##Y........
....#..........
.....[.........
#..............
#...............
#.P.............
................
......................


You could see 3 elephants and 4 yaks.

Vanquished Creatures
  2 hydras (Lair:3)
  A skyshark (Lair:3)
  7 elephants
  5 komodo dragons
  9 cane toads
  4 rime drakes
  A polar bear (Lair:2)
  16 blink frogs
  9 dream sheep
  A spriggan (Lair:2)
  3 humans (D:6)
  A wyvern (Lair:2)
  36 yaks
  4 basilisks
  3 nagas (Lair:2)
  7 water moccasins
  5 black bears
  An orc warrior (D:6)
  An ice beast (D:5)
  12 wolves
  4 centaurs
  3 ogres
  3 kobold brigands
  13 bullfrogs
  7 wights (D:8)
  5 howler monkeys
  4 jellies
  7 hounds
  2 gnoll boudas
  5 orc priests
  2 iguanas (D:5)
  2 orc wizards
  3 sleepcaps
  7 hell rats (Lair:2)
  3 mummies (Ossuary)
  3 adders
  15 gnolls
  A river rat (Sewer)
  3 white imps
  An ufetubus (D:6)
  An adder zombie (Ossuary)
  A worm (D:2)
  A dart slug (D:3)
  25 orcs
  6 bats
  8 endoplasms
  3 giant cockroaches
  9 goblins
  3 hobgoblins
  6 jackals
  4 quokkas
  4 ball pythons
  5 frilled lizards
  3 goblin zombies (Ossuary)
  4 hobgoblin zombies (Ossuary)
  34 kobolds
  4 kobold zombies (Ossuary)
  4 quokka zombies (Ossuary)
  9 rats
  2 rat zombies (Ossuary)
357 creatures vanquished.

Notes
Turn   | Place    | Note
-------+----------+-------------------------------------------
     0 | D:1      | TittyCrusher the Octopode Fighter began the quest for the
                  | Orb.
     0 | D:1      | Reached XP level 1. HP: 16/16 MP: 1/1
   112 | D:1      | Found Lirozxum's Armour Shop.
   252 | D:1      | Reached XP level 2. HP: 13/21 MP: 2/2
   358 | D:1      | Reached skill level 3 in Unarmed Combat
   910 | D:1      | Reached XP level 3. HP: 26/26 MP: 3/3
  1575 | D:3      | Reached skill level 4 in Unarmed Combat
  1624 | D:3      | Found a faded altar of an unknown god.
  1702 | D:3      | Reached XP level 4. HP: 25/31 MP: 4/4
  1758 | D:3      | Found a basalt altar of Yredelemnul.
  2170 | D:4      | Gained mutation: You occasionally shout uncontrollably at
                  | your foes. [potion of mutation]
  2170 | D:4      | Gained mutation: You expend magic power (3 MP) to
                  | strengthen your wands. [potion of mutation]
  2170 | D:4      | Gained mutation: You are clumsy. (Dex -2) [potion of
                  | mutation]
  2171 | D:4      | Lost mutation: You are clumsy. (Dex -2) [potion of
                  | mutation]
  2171 | D:4      | Lost mutation: You occasionally shout uncontrollably at
                  | your foes. [potion of mutation]
  2171 | D:4      | Gained mutation: You are partially covered in iridescent
                  | scales. (AC +2) [potion of mutation]
  2171 | D:4      | Gained mutation: You are dopey. (Int -2) [potion of
                  | mutation]
  2171 | D:4      | Gained mutation: You are mostly covered in iridescent
                  | scales. (AC +4) [potion of mutation]
  2427 | D:4      | Found a glowing drain.
  2441 | Sewer    | Entered a sewer
  2510 | Sewer    | Noticed a kobold brigand
  2522 | Sewer    | Killed a kobold brigand
  2523 | Sewer    | Reached skill level 5 in Unarmed Combat
  2523 | Sewer    | Reached XP level 5. HP: 32/36 MP: 5/5
  2543 | Sewer    | Found a white marble altar of Elyvilon.
  3115 | D:4      | Learned a level 4 spell: Ice Form
  3207 | D:5      | Entered Level 5 of the Dungeon
  3207 | D:5      | Found Buqest's Armour Boutique.
  3301 | D:1      | Bought a +2 hat for 160 gold pieces
  3396 | D:5      | Reached skill level 6 in Unarmed Combat
  3396 | D:5      | Reached XP level 6. HP: 42/42 MP: 6/6
  3553 | D:5      | Noticed a black bear
  3560 | D:5      | Killed a black bear
  3561 | D:5      | Reached skill level 7 in Unarmed Combat
  3561 | D:5      | Reached XP level 7. HP: 38/46 MP: 7/7
  4107 | D:6      | Reached skill level 8 in Unarmed Combat
  4184 | D:6      | Noticed a human
  4189 | D:6      | Noticed a human
  4300 | D:6      | Reached skill level 9 in Unarmed Combat
  4300 | D:6      | Reached XP level 8. HP: 52/52 MP: 8/8
  4547 | D:5      | Reached skill level 10 in Unarmed Combat
  4811 | D:6      | Reached skill level 11 in Unarmed Combat
  4996 | D:6      | Found a staircase to the Ecumenical Temple.
  5048 | D:7      | Identified a scroll of acquirement
  5048 | D:7      | Acquired 369 gold pieces
  5108 | D:7      | Found a hide-covered altar of Uskayaw.
  5116 | D:7      | Reached XP level 9. HP: 52/56 MP: 9/9
  5167 | D:7      | Reached skill level 1 in Transmutations
  5167 | D:7      | Reached skill level 1 in Ice Magic
  5674 | Temple   | Entered the Ecumenical Temple
  5772 | Temple   | Became a worshipper of Cheibriados the Contemplative
  5932 | D:7      | Reached skill level 5 in Transmutations
  5932 | D:7      | Reached skill level 5 in Ice Magic
  6438 | D:7      | Reached XP level 10. HP: 62/63 MP: 10/10
  6509 | D:7      | Reached * piety under Cheibriados
  6991 | D:8      | Reached ** piety under Cheibriados
  7283 | D:8      | Found a sand-covered staircase.
  7296 | Ossuary  | Entered an ossuary
  7509 | D:8      | Found a staircase to the Lair.
  7781 | D:8      | Found an ornate altar of the Wu Jian Council.
  7884 | D:8      | Reached *** piety under Cheibriados
  8170 | Lair:1   | Entered Level 1 of the Lair of Beasts
  8329 | Lair:1   | Noticed a cane toad
  8335 | Lair:1   | Killed a cane toad
  8558 | Lair:1   | Reached skill level 1 in Invocations
  8635 | Lair:1   | Reached XP level 11. HP: 33/67 MP: 11/13
  8895 | Lair:1   | Reached skill level 5 in Invocations
  9708 | Lair:2   | Reached **** piety under Cheibriados
 10132 | Lair:2   | Reached skill level 12 in Unarmed Combat
 10345 | Lair:2   | Learned a level 3 spell: Frozen Ramparts
 10453 | Lair:2   | Found a staircase to the Swamp.
 10520 | Lair:2   | Found a staircase to the Snake Pit.
 11004 | Lair:2   | Reached skill level 13 in Unarmed Combat
 11397 | Lair:3   | Noticed an eight-headed hydra
 11408 | Lair:3   | Killed an eight-headed hydra
 11648 | Lair:3   | Reached XP level 12. HP: 39/72 MP: 8/17
 11665 | Lair:3   | Reached skill level 5 in Dodging
 11804 | Lair:3   | Noticed a four-headed hydra
 11836 | Lair:3   | Noticed a skyshark
 11846 | Lair:3   | Killed a skyshark
 11857 | Lair:3   | Killed a four-headed hydra
 13046 | Lair:4   | Reached ***** piety under Cheibriados
 13121 | Lair:4   | Reached skill level 5 in Fighting
 13456 | Lair:4   | Reached XP level 13. HP: 85/85 MP: 13/18
 13615 | Lair:4   | Found a staircase to the Slime Pits.
 13658 | Lair:4   | You fall into a shaft and drop 1 floor!
 13658 | Lair:5   | Entered Level 5 of the Lair of Beasts
 13865 | Lair:5   | HP: 5/108 [yak (5)]
 13866 | Lair:5   | Mangled by an elephant

Illustrated notes

Levels and vault maps discovered:
D:1:      lemuel_arrival_broad_hall, layout_basic, serial_shops, shop_coins,
          feat_on_display
D:2:      layout_basic
D:3:      layout_rooms, mainiacjoe_overflow_six_doors_small,
          shapermc_ecumenical_altar_gd
D:4:      layout_basic, cheibrodos_sewer_entry_drain
D:5:      layout_cave_pools, serial_shops, shop, grunt_decor_cap,
          chequers_serial_rivers_micro_d
D:6:      layout_basic, minmay_temple_entry_from_below_b, dk_noncrumbling_4,
          minmay_ruffians
D:7:      kennysheep_kobold_camp, layout_basic, kennysheep_little_box
D:8:      layout_loops_corners, nzn_wu_jian_council_hall, lair_entry_dummy,
          lightli_ossuary_entry_decrepit_ruins
Temple:   minmay_temple_bridge_d
Lair:1:   layout_regular_city
Lair:2:   layout_layer_cave, swamp_mist_pool, nicolae_snake_entry_squirm,
          minivault_25, grunt_forest_large_clearings
Lair:3:   layout_long_grid, lemuel_fruit_tree, grunt_megastairs_2
Lair:4:   layout_small_grid, nicolae_slime_entry_slimehenge,
          lemuel_fruit_fields, serial_bayou_shore_b, grunt_megastairs_1
Lair:5:   grunt_lair_end_beastmaster, layout_hall_layers, gammafunk_ghost_grave,
          uniq_kirke

Skill      XL: |  1  2  3  4  5  6  7  8  9 10 11 12 13 |
---------------+----------------------------------------+-----
Unarmed Combat | 3 4 5 6 7 9 11 13 | 13.3
Transmutations | 5 8 |  8.0
Ice Magic      | 5 8 |  8.0
Invocations    | 3 7 |  7.2
Dodging        | 4 9 |  9.5
Fighting       | 6 8 |  8.9
Shields        | |  3.0

Action                     |  1- 3 |  4- 6 |  7- 9 | 10-12 | 13-15 || total
---------------------------+-------+-------+-------+-------+-------++-------
  Melee: Unarmed           |    94 |    96 |   214 |   421 |    48 ||   873
         Constrict         |    21 |    28 |    31 |    41 |     2 ||   123
         Tentacles         |    13 |    19 |    49 |    43 |     2 ||   126
         Punch             |     1 |     3 |    16 |     9 |     2 ||    31
  Throw: Stone             |       |     1 |     3 |       |       ||     4
   Cast: Ice Form          |       |       |       |    34 |     5 ||    39
         Frozen Ramparts   |       |       |       |     8 |     2 ||    10
 Invoke: Temporal Distorti |       |       |       |     3 |       ||     3
         Slouch            |       |       |       |     2 |       ||     2
  Evoke: Wand              |       |       |     2 |     2 |       ||     4
    Use: Scroll            |     1 |     3 |     7 |     9 |     3 ||    23
         Potion            |       |     4 |     4 |     7 |       ||    15
   Stab: Sleeping          |     7 |     5 |     5 |     3 |       ||    20
         Invisible         |       |       |     7 |       |       ||     7
         Distracted        |       |       |     1 |       |       ||     1
 Armour: Skin              |    10 |    18 |    33 |    51 |    19 ||   131
  Dodge: Dodged            |    34 |    19 |    85 |   188 |    29 ||   355
  Block: Buckler           |    25 |    38 |    85 |    73 |     3 ||   224
         Reflection        |       |     1 |     3 |     3 |       ||     7
         Other             |       |       |       |    43 |     4 ||    47

Table legend: (Time is in decaauts)
 A = Elapsed time spent in this place.
 B = Non-inter-level travel time spent in this place.
 C = Inter-level travel time spent in this place.
 D = Time resting spent in this place.
 E = Time spent auto-exploring this place.
 F = Levels seen in this place.
 G = Mean time per level.
                   A        B        C        D        E       F      G
               +--------+--------+--------+--------+--------+-----+--------+
         Total |  16401 |  15386 |   1015 |   2083 |   9981 |  16 | 1025.1 |
       Dungeon |   8476 |   7749 |    727 |    744 |   4971 |   8 | 1059.5 |
        Temple |    188 |     80 |    108 |      0 |     62 |   1 |  188.0 |
          Lair |   7412 |   7234 |    178 |   1339 |   4901 |   5 | 1482.4 |
         Sewer |    137 |    137 |      0 |      0 |     47 |   1 |  137.0 |
       Ossuary |    187 |    187 |      0 |      0 |      0 |   1 |  187.0 |
               +--------+--------+--------+--------+--------+-----+--------+

Top non-repeatable levels by time:
  Lair:2: 2829 daAuts
  Lair:3: 1795 daAuts
     D:7: 1701 daAuts
  Lair:1: 1688 daAuts
     D:8: 1516 daAuts
     D:6: 1183 daAuts
     D:1: 1014 daAuts
     D:4: 1000 daAuts
  Lair:4: 858 daAuts
     D:5: 850 daAuts
     D:3: 622 daAuts
     D:2: 587 daAuts
  Lair:5: 240 daAuts
  Temple: 188 daAuts
 Ossuary: 187 daAuts
